 Dungeon Crawl Stone Soup version 0.31-a0-542-gdc2a67831c (webtiles) character file.

Game seed: 6944429493068376201

96677 Gargoyl the Severer (level 16, -7/106 HPs)
             Began as a Gargoyle Berserker on Aug 14, 2023.
             Was an Elder of Trog.
             Mangled by a demonic crawler (9 damage)
             ... on level 1 of the Spider Nest.
             The game lasted 00:32:23 (22031 turns).

Gargoyl the Severer (Gargoyle Berserker)           Turns: 22031, Time: 00:32:24

Health: -7/106     AC: 26    Str: 31 (32) XL:     16   Next: 17%
Magic:  0/16       EV: 13    Int:  9 (10) God:    Trog [****..]
Gold:   2859       SH: 12    Dex: 17      Spells: 15/15 levels left

rFire   . . .        a - +5 hand axe (venom)
rCold   . . .        i - +0 kite shield
rNeg    + + .        k - +1 chain mail of Taomim {Will- Regen+ Str+7}
rPois   ∞            (no helmet)
rElec   +            O - scarf {repulsion}
rCorr   .            B - +1 pair of gloves {infuse}
SInv    .            l - +2 pair of boots
Will    ++...        z - amulet of the acrobat Stlth
                     v - ring of positive energy
HPRegen 2.17/turn    D - +6 ring of dexterity
MPRegen 0.15/turn

%: repel missiles, acrobat
@: about to teleport, strong-willed, corroded, on berserk cooldown, flying,
regenerating, slowed, very slow
A: sickness immunity, AC +12, big wings, negative energy resistance 1,
electricity resistance, torment resistance 1, petrification resistance, talons
1, deterioration 1, shaggy fur 2
a: Renounce Religion, Berserk, Trog's Hand, Brothers in Arms


You were on level 1 of the Spider Nest.
You worshipped Trog.
Trog was greatly pleased with you.
You visited 3 branches of the dungeon, and saw 21 of its levels.

You collected 2859 gold pieces.

Inventory:

Hand Weapons
 a - a +5 hand axe of venom (weapon)
 e - a +4 scimitar of flaming
 C - a +6 broad axe
 M - a +4 war axe
 N - a +6 heavy broad axe
Missiles
 u - 5 throwing nets
 y - 21 poisoned darts (quivered)
Armour
 i - a +0 kite shield (worn)
 k - the +1 chain mail of Taomim (worn) {Will- Regen+ Str+7}
   (You acquired it on level 4 of the Dungeon)

   Str+7:     It affects your strength (+7).
   Will-:     It decreases your willpower.
   Regen+:    It increases your rate of health regeneration.
 l - a +2 pair of boots (worn)
 B - a +1 pair of gloves of infusion (worn)
 O - a scarf of repulsion (worn)
Jewellery
 v - a ring of positive energy (left hand)
 z - an amulet of the acrobat (around neck)
 D - a +6 ring of dexterity (right hand)
 L - a +5 ring of evasion
 P - a ring of fire
Wands
 m - a wand of mindburst (17)
 o - a wand of charming (24)
 p - a wand of digging (5)
 t - a wand of polymorph (7)
 A - a wand of flame (27)
Scrolls
 s - 3 scrolls of revelation
 x - a scroll of teleportation
 F - a scroll of identify
 G - 3 scrolls of fog
 K - a scroll of poison
Potions
 b - 2 potions of curing
 c - 6 potions of lignification
 d - 3 potions of cancellation
 f - 2 potions of ambrosia
 g - 2 potions of invisibility
 n - 2 potions of berserk rage
 r - 6 potions of enlightenment
 E - a potion of haste
 I - a potion of might


   Skills:
 + Level 14.1 Fighting
 + Level 5.9 Long Blades
 + Level 15.6 Axes
 + Level 1.1 Throwing
 + Level 14.9 Armour
 + Level 7.0 Dodging
 + Level 3.6 Stealth
 + Level 10.3 Shields


You had 15 spell levels left.
You didn't know any spells.
Your spell library was empty.

Dungeon Overview and Level Annotations

Branches:
Dungeon (15/15)            Temple (0/1) D:6            Lair (5/5) D:10
  Swamp (0/4) Lair:3       Spider (1/4) Lair:2        Slime (0/5) Lair:5
    Orc (0/2) D:10         Vaults (0/5) D:14         Depths (0/4) D:15

Altars:
Dithmenos
Elyvilon
Fedhas
Nemelex Xobeh
Wu Jian
Xom
The Shining One

Shops:
D:1 (   D:13 :

Annotations:
D:10 exclusions: oklob plant and oklob sapling


Innate Abilities, Weirdness & Mutations

You are immune to sickness and miasma.
Your stone body is resilient. (AC +12)
You are immune to poison.
Your large and strong wings let you fly.
You resist negative energy. (rN+)
You are resistant to electric shocks. (rElec)
You are resistant to unholy torment.
You are immune to petrification.
You have sharp toenails.
Your body sometimes deteriorates upon taking damage.
You are covered in thick fur. (AC +2)


Message History

Deactivating autopickup; reactivate with Ctrl-A.
Something hits you!
* * * LOW HITPOINT WARNING * * *
You feel weakened.
Something stings you but does no damage.
You block the jumping spider simulacrum's attack.
The jumping spider simulacrum bites you but does no damage.
A meliai comes into view.
It is wielding a +2 heavy war axe and wearing a +1 robe of resistance.
A meliai comes into view. It is wielding a +0 broad axe.
The spark wasp bursts into living lightning!
The living lightning hits you. You resist.
* * * LOW HITPOINT WARNING * * *
The spark wasp blinks!
You feel much better.
The meliai buzzes angrily.
The meliai calls down the wrath of its god upon you.
Something smites you!
The meliai invokes the aid of its god against you.
Something smites you!
* * * LOW HITPOINT WARNING * * *
The demonic crawler is engulfed in freezing vapours.
The demonic crawler closely misses you. x2
The demonic crawler hits you but does no damage.
The demonic crawler closely misses you.
The demonic crawler hits you but does no damage.
The demonic crawler completely misses you.
You feel you are being watched by something.
Something hits you but does no damage. x2; Something barely misses you.
The jumping spider simulacrum pounces on you.
* * * LOW HITPOINT WARNING * * *
The jumping spider simulacrum freezes you!!
* * * LOW HITPOINT WARNING * * *
The jumping spider simulacrum bites you but does no damage.
The demonic crawler is engulfed in freezing vapours.
You block the demonic crawler's attack. x2
The demonic crawler hits you but does no damage.
The demonic crawler hits you.
* * * LOW HITPOINT WARNING * * *
The demonic crawler hits you!
You die...

#.......# ##.......##
........# #.^.....##
..[.....######.>....####
.......y.##.......^.....
.........†.^..........†.
........###############.
.^......# #.. ......Z.#
##. .....ys@# ##
......ss.Z.# #
......Z.##s...# ##
#......s. .... #^
....y#.## .#. #. ..#...#
.. ##. #.y..# . #.# #°.
###


You could see a spark wasp (soul bound, extremely poisoned), 2 demonic crawlers,
a wolf spider, an orb spider (soul bound), a jumping spider (soul bound), 3
meliai, a wolf spider simulacrum, a jumping spider simulacrum and an entropy
weaver simulacrum.

Vanquished Creatures
  Kirke (Lair:3)
  Gastronok (D:8)
  A very ugly thing (D:15)
  Nessos (Lair:3)
  An ettin (D:15)
  An entropy weaver (Spider:1)
  The ghost of Kiciri the Fighter, a journeyman DjBe of Trog (D:8)
  11 hydras
  The ghost of mohammadb5305 the Firebug, a journeyman HuFE of Gozag (D:8)
  A great orb of eyes (D:14)
  Erica (D:10)
  3 catoblepae
  3 centaur warriors
  7 two-headed ogres
  3 boulder beetles
  15 death yaks
  2 tengu warriors
  A deep troll shaman (Lair:5)
  A skyshark (Lair:4)
  2 pharaoh ants (Spider:1)
  A skeletal warrior (D:14)
  2 deep trolls (D:15)
  A lindwurm (Lair:5)
  A wizard (D:14)
  5 deep elf pyromancers
  An orc knight (D:15)
  A necromancer (D:15)
  4 cyclopes
  An orc sorcerer (D:15)
  A wolf spider (Spider:1)
  5 ugly things (D:15)
  4 manticores
  A moth of wrath (Spider:1)
  26 elephants
  4 black mambas
  A guardian serpent (shapeshifter) (D:14)
  Maurice (D:8)
  2 torpor snails (Lair:2)
  10 cane toads
  A gargoyle (D:12)
  Psyche (D:10)
  A rime drake (Lair:3)
  An unseen horror (D:12)
  A tengu conjurer (D:15)
  8 komodo dragons
  A yaktaur (D:13)
  A freezing wraith (D:14)
  A tyrant leech (Lair:3)
  A polar bear (Lair:5)
  2 hornets
  2 trolls
  2 tarantellas
  5 dream sheep (Lair:5)
  17 blink frogs
  18 slime creatures
  3 jumping spiders (Spider:1)
  2 culicivoras (Spider:1)
  2 shadows (D:10)
  7 wraiths
  38 yaks
  4 spriggans (Lair:4)
  5 wyverns
  A basilisk (Lair:4)
  Eustachio (D:6)
  Grum (D:10)
  9 vampire mosquitoes
  7 redbacks (Spider:1)
  2 swamp worms (Lair:3)
  2 acid dragons
  13 water moccasins
  6 orc warriors
  2 ice beasts (D:6)
  A sky beast (D:8)
  A black bear (D:6)
  An ogre (D:6)
  17 centaurs
  24 wolves
  A kobold brigand (D:10)
  6 scorpions
  12 bullfrogs
  4 gnoll sergeants
  12 wights
  3 killer bees (D:8)
  6 howler monkeys
  A lava snake (Lair:3)
  A jelly (D:6)
  3 hounds (D:5)
  A gnoll bouda (D:6)
  A sleepcap (D:7)
  5 orc priests
  4 iguanas
  10 orc wizards
  8 ogre zombies (D:10)
  29 gnolls
  12 adders
  A white imp (D:5)
  An ufetubus (D:6)
  A worm (D:3)
  4 dart slugs
  38 orcs
  14 ball pythons
  5 bats
  4 endoplasms
  7 goblins
  8 hobgoblins
  9 jackals
  5 quokkas
  2 frilled lizards
  2 goblin zombies (D:10)
  2 hobgoblin skeletons (D:10)
  18 kobolds
  4 orc skeletons (D:10)
  17 orc zombies (D:10)
  4 rats
607 creatures vanquished.

Vanquished Creatures (collateral kills)
  A two-headed ogre (D:8)
  A death knight (D:14)
  A death yak (Lair:5)
  A deep elf pyromancer (D:14)
  A swamp worm (Lair:3)
5 creatures vanquished.

Grand Total: 612 creatures vanquished

Notes
Turn   | Place    | Note
-------+----------+-------------------------------------------
     0 | D:1      | Gargoyl the Gargoyle Berserker began the quest for the Orb.
     0 | D:1      | Reached XP level 1. HP: 14/14 MP: 1/1
    12 | D:1      | Found Opniatt's Weapon Boutique.
    19 | D:1      | Reached XP level 2. HP: 12/19 MP: 2/2
    99 | D:1      | Reached skill level 3 in Axes
   358 | D:1      | Reached XP level 3. HP: 24/24 MP: 3/3
   389 | D:1      | Reached ** piety under Trog
  1345 | D:3      | Reached XP level 4. HP: 27/29 MP: 4/4
  1471 | D:3      | Reached skill level 4 in Axes
  1471 | D:3      | Reached XP level 5. HP: 12/33 MP: 5/5
  1712 | D:3      | Identified the +10 whip "Sarcophage" {freeze, Will- Str+2
                  | SInv}
  2143 | D:4      | Identified a scroll of acquirement
  2143 | D:4      | Acquired 1078 gold pieces
  2191 | D:4      | Reached *** piety under Trog
  2212 | D:4      | Reached XP level 6. HP: 26/38 MP: 6/6
  2451 | D:4      | Acquired the +1 chain mail of Taomim {Will- Regen+ Str+7}
  2875 | D:5      | Entered Level 5 of the Dungeon
  2977 | D:5      | Reached skill level 5 in Axes
  3067 | D:5      | Reached XP level 7. HP: 39/43 MP: 7/7
  3090 | D:5      | Reached skill level 1 in Stealth
  3751 | D:5      | Reached skill level 6 in Axes
  3759 | D:6      | Found a staircase to the Ecumenical Temple.
  3859 | D:6      | Reached XP level 8. HP: 46/48 MP: 8/8
  3865 | D:6      | Reached skill level 5 in Armour
  3867 | D:6      | Reached skill level 5 in Fighting
  3893 | D:6      | Found a white marble altar of Elyvilon.
  3980 | D:6      | Noticed Eustachio
  3992 | D:6      | Killed Eustachio
  3993 | D:6      | Reached skill level 7 in Axes
  4165 | D:6      | Reached XP level 9. HP: 36/54 MP: 9/9
  4280 | D:6      | Reached **** piety under Trog
  4672 | D:7      | Found a shadowy altar of Dithmenos.
  4776 | D:7      | Found a glowing golden altar of the Shining One.
  4989 | D:7      | Reached skill level 8 in Axes
  5186 | D:8      | Noticed a hornet
  5206 | D:8      | Killed a hornet
  5423 | D:8      | Noticed a two-headed ogre
  5437 | D:8      | Killed a two-headed ogre
  5438 | D:8      | Reached skill level 9 in Axes
  5438 | D:8      | Reached XP level 10. HP: 45/61 MP: 10/10
  5473 | D:8      | Noticed Maurice
  5474 | D:8      | Noticed a two-headed ogre
  5483 | D:8      | Killed a two-headed ogre
  5499 | D:8      | Killed Maurice
  5518 | D:8      | Noticed Gastronok
  5532 | D:8      | Killed Gastronok
  5533 | D:8      | Reached skill level 10 in Axes
  6169 | D:8      | Found an ornate altar of the Wu Jian Council.
  6239 | D:8      | Found a runed translucent gate.
  6240 | D:8      | Found a runed translucent gate.
  6240 | D:8      | Found a runed translucent gate.
  6242 | D:8      | Noticed Kiciri's ghost (journeyman DjBe)
  6242 | D:8      | Noticed mohammadb5305's ghost (journeyman HuFE)
  6516 | D:8      | Killed Kiciri's ghost
  6562 | D:8      | Killed mohammadb5305's ghost
  6563 | D:8      | Reached XP level 11. HP: 68/68 MP: 11/11
  6687 | D:9      | Found a blossoming altar of Fedhas.
  7029 | D:9      | Reached skill level 10 in Armour
  7472 | D:10     | Entered Level 10 of the Dungeon
  7509 | D:10     | Noticed Erica
  7525 | D:10     | Killed Erica
  7526 | D:10     | Reached skill level 11 in Axes
  7606 | D:10     | Noticed Psyche
  7715 | D:10     | Killed Psyche
  7758 | D:10     | Noticed Grum
  7759 | D:10     | Found a staircase to the Orcish Mines.
  7778 | D:10     | Killed Grum
  7856 | D:10     | Reached ***** piety under Trog
  8031 | D:10     | Noticed an oklob plant
  8065 | D:10     | You fall into a shaft and drop 1 floor!
  8098 | D:11     | Received a gift from Trog
  8124 | D:11     | Noticed a two-headed ogre
  8141 | D:11     | Killed a two-headed ogre
  8577 | D:10     | Found a staircase to the Lair.
  8769 | Lair:1   | Entered Level 1 of the Lair of Beasts
  8860 | Lair:1   | Reached skill level 12 in Axes
  8860 | Lair:1   | Noticed a boulder beetle
  8874 | Lair:1   | Reached skill level 1 in Shields
  8879 | Lair:1   | Killed a boulder beetle
  8880 | Lair:1   | Reached XP level 12. HP: 46/76 MP: 12/12
  9810 | Lair:2   | Reached skill level 5 in Dodging
  9903 | Lair:2   | Noticed an eight-headed hydra
  9913 | Lair:2   | Killed a three-headed hydra
 10009 | Lair:2   | Reached skill level 10 in Fighting
 10044 | Lair:2   | Found a hole to the Spider Nest.
 10146 | Lair:2   | Noticed a death yak
 10146 | Lair:2   | Noticed a death yak
 10146 | Lair:2   | Noticed a death yak
 10148 | Lair:2   | Noticed a death yak
 10159 | Lair:2   | Killed a death yak
 10163 | Lair:2   | Killed a death yak
 10167 | Lair:2   | Killed a death yak
 10172 | Lair:2   | Killed a death yak
 10173 | Lair:2   | Reached skill level 1 in Long Blades
 10324 | Lair:2   | Reached skill level 13 in Axes
 10462 | Lair:2   | Reached XP level 13. HP: 77/83 MP: 13/13
 10905 | Lair:3   | Noticed Nessos
 10945 | Lair:3   | Killed Nessos
 11049 | Lair:3   | Reached skill level 5 in Shields
 11142 | Lair:3   | You fall into a shaft and drop 1 floor!
 11224 | Lair:4   | Reached skill level 1 in Throwing
 11938 | Lair:3   | Received a gift from Trog
 12253 | Lair:3   | Noticed Kirke
 12385 | Lair:3   | Killed Kirke
 12386 | Lair:3   | Reached skill level 14 in Axes
 12530 | Lair:3   | Found a staircase to the Swamp.
 13530 | Lair:4   | Gained mutation: Your large and strong wings let you fly.
                  | [Gargoyle growth]
 13530 | Lair:4   | Reached XP level 14. HP: 87/90 MP: 9/14
 13928 | Lair:5   | Entered Level 5 of the Lair of Beasts
 14273 | Lair:5   | Found a shadowy altar of Dithmenos.
 14612 | Lair:5   | Received a gift from Trog
 15257 | Lair:5   | Found a staircase to the Slime Pits.
 15539 | Lair:5   | Reached skill level 15 in Axes
 15572 | Lair:5   | Reached XP level 15. HP: 98/98 MP: 0/15
 16235 | D:11     | Found a shimmering altar of Xom.
 18533 | D:13     | Found Erryl's Tiny Tomes.
 19403 | D:14     | Found a sparkling altar of Nemelex Xobeh.
 19851 | D:14     | Found a flickering gateway to a bazaar.
 20041 | D:14     | Reached skill level 5 in Long Blades
 20389 | D:14     | Found a gate to the Vaults.
 20568 | D:15     | Entered Level 15 of the Dungeon
 20843 | D:15     | Found a staircase to the Depths.
 21188 | D:15     | Reached XP level 16. HP: 100/105 MP: 0/16
 21509 | D:15     | Gained mutation: Your body sometimes deteriorates upon
                  | taking damage. [potion of mutation]
 21509 | D:15     | Gained mutation: You have hidden genetic potential. [potion
                  | of mutation]
 21510 | D:15     | Lost mutation: Your body sometimes deteriorates upon taking
                  | damage. [potion of mutation]
 21510 | D:15     | Lost mutation: You have hidden genetic potential. [potion
                  | of mutation]
 21510 | D:15     | Gained mutation: You are vulnerable to heat. (rF-) [potion
                  | of mutation]
 21510 | D:15     | Gained mutation: Your magical capacity is low. (-10% MP)
                  | [potion of mutation]
 21511 | D:15     | Lost mutation: Your magical capacity is low. (-10% MP)
                  | [potion of mutation]
 21511 | D:15     | Lost mutation: You are vulnerable to heat. (rF-) [potion of
                  | mutation]
 21511 | D:15     | Gained mutation: Your body sometimes deteriorates upon
                  | taking damage. [potion of mutation]
 21511 | D:15     | Gained mutation: You are covered in fur. (AC +1) [potion of
                  | mutation]
 21511 | D:15     | Gained mutation: You have sharp toenails. [potion of
                  | mutation]
 21511 | D:15     | Gained mutation: You are covered in thick fur. (AC +2)
                  | [potion of mutation]
 21725 | Spider:1 | Entered Level 1 of the Spider Nest
 21743 | Spider:1 | Reached skill level 10 in Shields
 22031 | Spider:1 | HP: 3/106 [jumping spider simulacrum (20)]
 22031 | Spider:1 | Mangled by a demonic crawler

Illustrated notes

Levels and vault maps discovered:
D:1:      amcnicky_arrival_single_pillar, layout_basic, serial_shops, shop
D:2:      layout_loops_ring, hex_tiny
D:3:      layout_loops_ring
D:4:      layout_basic, minmay_goblin_kobold_house
D:5:      nicolae_BIG_FREAKIN_CUBE, layout_loops_corners
D:6:      layout_rooms, mainiacjoe_overflow_concentric_impassable,
          temple_pool_b, hex_large, minivault_5, corexii_leaking_fountain,
          dreamdust_princess_bridge, uniq_eustachio
D:7:      layout_cave_pools, tso_oasis_becter, nicolae_overflow_crystal_walls,
          minmay_fountain_box
D:8:      layout_layer_cave, kennysheep_mini_moat, gammafunk_ghost_cemetery,
          uniq_maurice, uniq_gastronok
D:9:      layout_basic, mainiacjoe_overflow_boulevard
D:10:     layout_basic, grunt_lair_entry_orc_guard_hut, zombieorc2_lemuel,
          introduction_to_nature_2, uniq_psyche, uniq_erica, uniq_grum
D:11:     layout_rooms, xom_teletrap_fun
D:12:     layout_gridville
D:13:     cheibrodos_elevator_heist, layout_grid_maze, serial_rivers,
          chequers_serial_rivers_micro_c, chequers_serial_rivers_room_a,
          chequers_serial_rivers_small_a, chequers_serial_rivers_small_3,
          nicolae_shop_i_like_small_books_too
D:14:     layout_loops_ring, hellmonk_vaults_attempted_burglary, serial_shops,
          bzr_in_the_mist, nemelex_xobeh_ov_fountains_minmay,
          bh_hangedman_babel_library
D:15:     hangedman_depths_entry_civil_slaughter, layout_rooms, abandoned_shop
Lair:1:   layout_cave_pods
Lair:2:   layout_chaotic_city, spider_nest_entry_rubble, wad_woods_03
Lair:3:   layout_gridlike, palyth_hydra_swamp_entry, minivault_27,
          grunt_megastairs_2, lemuel_fruit_fields, lemuel_fruit_tree,
          uniq_kirke, uniq_nessos
Lair:4:   wad_woods_settlement, layout_gridlike, chequers_serial_rivers_micro_c,
          lookout_lair_type
Lair:5:   grunt_lair_end_beastmaster, layout_regular_city,
          dpeg_slime_entry_enclosed, basic_altar
Spider:1: layout_cave_pods, nicolae_spider_some_kinda_spiderbox

Skill      XL: |  1  2  3  4  5  6  7  8  9 10 11 12 13 14 15 16 |
---------------+-------------------------------------------------+-----
Axes           | 3 4 5 6 7 9 10 12 13 14 15 | 15.6
Dodging        | 2 3 4 5 6 7 |  7.0
Fighting       | 4 5 6 7 9 10 11 13 14 | 14.1
Armour         | 3 4 5 7 9 10 12 13 14 | 14.9
Stealth        | 1 2 3 |  3.6
Shields        | 1 3 6 8 9 10 | 10.3
Long Blades    | 1 2 3 5 |  5.9
Throwing       | 1 |  1.1

Action                     |  1- 3 |  4- 6 |  7- 9 | 10-12 | 13-15 | 16-18 || total
---------------------------+-------+-------+-------+-------+-------+-------++-------
  Melee: Hand axe          |   135 |   178 |   226 |   623 |  1006 |    76 ||  2244
         Punch             |     1 |       |     5 |     4 |       |       ||    10
         Scimitar          |       |       |       |     7 |   167 |       ||   174
  Throw: Dart              |       |       |     1 |     2 |     5 |       ||     8
 Invoke: Berserk           |     1 |     2 |     4 |     3 |    15 |     1 ||    26
         Trog's Hand       |       |     1 |     2 |     5 |    15 |     1 ||    24
         Brothers in Arms  |       |       |       |     2 |     6 |       ||     8
  Evoke: Wand              |       |       |       |       |     1 |       ||     1
    Use: Scroll            |     4 |    10 |     5 |     3 |    15 |     5 ||    42
         Potion            |       |       |       |       |    12 |     4 ||    16
   Stab: Petrified         |       |       |       |       |     2 |       ||     2
 Armour: Animal skin       |    44 |       |       |       |       |       ||    44
         Ring mail         |    26 |    94 |       |       |       |       ||   120
         Chain mail        |       |    33 |   182 |   312 |   784 |    74 ||  1385
  Dodge: Dodged            |   106 |   126 |   160 |   314 |   814 |    63 ||  1583
         Repelled          |       |       |       |       |     6 |       ||     6
  Block: Buckler           |       |       |       |    85 |   299 |       ||   384
         Kite shield       |       |       |       |       |   207 |    76 ||   283

Table legend: (Time is in decaauts)
 A = Elapsed time spent in this place.
 B = Non-inter-level travel time spent in this place.
 C = Inter-level travel time spent in this place.
 D = Time resting spent in this place.
 E = Time spent auto-exploring this place.
 F = Levels seen in this place.
 G = Mean time per level.
                   A        B        C        D        E       F      G
               +--------+--------+--------+--------+--------+-----+--------+
         Total |  21765 |  20969 |    796 |    669 |  15696 |  21 | 1036.4 |
       Dungeon |  14295 |  13733 |    562 |    222 |  10439 |  15 |  953.0 |
          Lair |   7186 |   6953 |    233 |    447 |   5046 |   5 | 1437.2 |
   Spider Nest |    283 |    283 |      0 |      0 |    210 |   1 |  283.0 |
               +--------+--------+--------+--------+--------+-----+--------+

Top non-repeatable levels by time:
  Lair:5: 2015 daAuts
  Lair:4: 1699 daAuts
    D:13: 1634 daAuts
     D:8: 1463 daAuts
  Lair:3: 1324 daAuts
  Lair:2: 1289 daAuts
    D:10: 1200 daAuts
    D:14: 1186 daAuts
    D:12: 1113 daAuts
    D:15: 966 daAuts
     D:5: 885 daAuts
     D:9: 873 daAuts
  Lair:1: 857 daAuts
     D:3: 848 daAuts
     D:6: 836 daAuts
